 Dungeon Crawl Stone Soup version 0.21.1-1-g345015fe64 (webtiles) character file.

12927 Razbojnik the Thaumaturge (level 11, -2/57 HPs)
             Began as a Deep Elf Conjurer on July 26, 2018.
             Was an Elder of Vehumet.
             Slain by a hornet (11 damage)
             ... on level 11 of the Dungeon.
             The game lasted 01:26:24 (12811 turns).

Razbojnik the Thaumaturge (Deep Elf Conjurer)      Turns: 12811, Time: 01:26:25

Health: -2/57      AC:  7    Str:  5    XL:     11   Next: 68%
Magic:  26/31      EV: 16    Int: 24    God:    Vehumet [****..]
Gold:   720        SH:  0    Dex: 15    Spells: 18/38 levels left

rFire    + . .     SeeInvis .   O - +0 blowgun
rCold    . . .     Gourm    .   (no shield)
rNeg     . . .     Faith    .   l - +0 troll leather armour
rPois    .         Spirit   .   (no helmet)
rElec    .         Reflect  .   (no cloak)
rCorr    .         Harm     .   r - +0 pair of gloves
MR       +....                  H - +1 pair of boots
Stlth    +++.......             U - amulet of magic regeneration
HPRegen  0.59/turn              T - +2 ring of evasion
MPRegen  0.47/turn              M - ring of protection from fire

@: lethally poisoned (-2 -> -2)
A: no striking features
a: Renounce Religion


You were on level 11 of the Dungeon.
You worshipped Vehumet.
Vehumet was greatly pleased with you.
You were hungry.

You visited 2 branches of the dungeon, and saw 12 of its levels.

You collected 720 gold pieces.

Inventory:

Hand Weapons
 v - a +2 dagger of speed
 D - a +2 short sword of freezing
 N - a +2 trident of venom
 O - a +0 blowgun (weapon)
 W - a +1 short sword of venom
 Y - a cursed -1 shortbow
Missiles
 n - a needle of confusion
 B - 6 needles of sleeping
 P - 9 poisoned needles (quivered)
Armour
 l - a +0 troll leather armour (worn)
 r - a +0 pair of gloves (worn)
 A - a +2 robe of cold resistance
 H - a +1 pair of boots (worn)
Magical Staves
 E - an uncursed staff of fire
Jewellery
 i - an uncursed amulet of rage
 k - a +3 ring of strength
 z - an uncursed ring of see invisible
 J - an uncursed ring of positive energy
 L - an uncursed ring of resist corrosion
 M - a ring of protection from fire (right hand)
 S - a +2 amulet of reflection
 T - a +2 ring of evasion (left hand)
 U - an amulet of magic regeneration (around neck)
Wands
 a - a wand of digging (25)
 s - a wand of iceblast (11)
 I - a wand of acid (12)
 Q - a wand of clouds (3)
 R - a wand of scattershot (4)
 X - a wand of paralysis (17)
Scrolls
 e - 4 scrolls of remove curse
 g - a scroll of blinking
 j - 5 scrolls of teleportation {unknown}
 m - 4 scrolls of magic mapping
 p - a scroll of summoning {unknown}
 t - 2 scrolls of identify
 u - 4 scrolls of amnesia
 x - a scroll of enchant weapon
 y - 2 scrolls of fear
 V - a scroll of enchant armour {unknown}
Potions
 d - a potion of ambrosia
 f - a potion of curing
 h - 3 potions of berserk rage
 o - 3 potions of heal wounds
 w - 2 potions of brilliance
 C - a potion of haste
 F - 2 potions of lignification
 K - a potion of mutation
 Z - a potion of degeneration {unknown}
Books
 b - a book of Conjurations

   Spells                             Type                      Level
   a - Magic Dart                     Conjuration                  1
   b - Searing Ray                    Conjuration                  2
   c - Dazzling Spray                 Conjuration/Hexes            3
   d - Fulminant Prism                Conjuration/Hexes            4
   e - Force Lance                    Conjuration/Translocation    4
   f - Iskenderun's Mystic Blast      Conjuration                  4
 q - a book of Party Tricks

   Spells                             Type                      Level
   a - Summon Butterflies             Summoning                    1
   b - Apportation                    Translocation                1
   c - Lesser Beckoning               Translocation                3
   d - Tukima's Dance                 Hexes                        3
   e - Alistair's Intoxication        Transmutation/Poison         5
   f - Invisibility                   Hexes                        6
Comestibles
 c - 20 rations
 G - 5 chunks of flesh


   Skills:
 - Level 2.2 Fighting
   Level 2.1 Slings
 - Level 1.0 Armour
 - Level 6.0 Dodging
 - Level 7.1 Stealth
 - Level 14.0 Spellcasting
 + Level 11.9 Conjurations
 - Level 6.0 Hexes
 - Level 1.0 Summonings
 - Level 2.3 Translocations
 + Level 3.9 Air Magic
 - Level 4.1 Evocations


You had 18 spell levels left.
You knew the following spells:

 Your Spells              Type           Power        Failure   Level  Hunger
a - Magic Dart            Conj           ####         1%          1    None
b - Searing Ray           Conj           ######       1%          2    None
c - Dazzling Spray        Conj/Hex       ######       1%          3    None
d - Fulminant Prism       Conj/Hex       ######....   1%          4    None
e - Iskenderun's Mystic   Conj           ######..     1%          4    None
f - Airstrike             Air            #####.....   3%          4    None
g - Apportation           Tloc           ####..       2%          1    None
h - Summon Butterflies    Summ           ###.....     3%          1    None


Dungeon Overview and Level Annotations

Branches:
Dungeon (11/15)            Temple (1/1) D:5             Orc (0/2) D:11
   Lair: D:8-11

Altars:
Ashenzari
Cheibriados
Dithmenos
Elyvilon
Fedhas
Gozag
Hepliaklqana
Kikubaaqudgha
Makhleb
Nemelex Xobeh
Okawaru
Qazlal
Ru
Sif Muna
Trog
Uskayaw
Vehumet
Wu Jian
Xom
Yredelemnul
Zin
The Shining One


Message History

The crocodile is heavily wounded.
The crocodile is dazzled.
The spray of energy misses the hornet.
The hornet stings you!
* * * LOW HITPOINT WARNING * * *
You are poisoned.
You feel yourself slow down.
The white ugly thing closely misses you.
The hornet closely misses you.
Okay, then.
Casting: Dazzling Spray
Confirm with . or Enter, or press ? or * to list all spells.
Aiming: Dazzling Spray
Press: ? - help, Shift-Dir - straight line, f/p - white ugly thing
Aim: a white ugly thing The spray of energy hits the white ugly thing.
The white ugly thing is dazzled.
The spray of energy hits the hornet.
The hornet is moderately wounded.
You feel yourself speed up.
You feel sick. The hornet stings you!
You die...

........#.......#
.$..............#
.......y........##
.##.....†#.......#
.........#.(.....#
........[#t......########
......#...........?......
......#...uy..<..########
......#...†@.......###.####.
...........<).###...........
..##.#........###........###
###.........#............#..
.#......#######.........#..
............T.........#.#..
...........####...###.#.#..
...................>....#..
................###........


You could see a white ugly thing (blind), a hornet and a crocodile (blind).

Vanquished Creatures
  A two-headed ogre (D:9)
  A wizard (D:11)
  4 lindwurms (D:8)
  2 ugly things
  A gargoyle (D:10)
  Psyche (D:11)
  A komodo dragon (D:11)
  2 trolls
  2 hippogriffs
  8 yaks
  A hungry ghost (D:10)
  A basilisk (D:11)
  A water moccasin (D:11)
  2 porcupines
  5 orc warriors
  2 ice beasts
  2 sky beasts (D:10)
  A necrophage (D:9)
  6 ogres
  2 wolves (D:11)
  12 centaurs
  A crocodile (D:11)
  Blork the orc (D:4)
  3 big kobolds
  3 bullfrogs
  A gnoll sergeant (D:6)
  3 scorpions
  A water moccasin skeleton (D:6)
  14 killer bees
  3 wights (D:10)
  7 howler monkeys
  2 crimson imps (D:8)
  2 bullfrog zombies
  A quasit (D:9)
  A gnoll shaman (D:6)
  8 hounds
  3 jellies (D:10)
  2 bullfrog skeletons
  4 orc priests
  A centaur skeleton (D:10)
  Jessica (D:3)
  4 iguanas
  7 orc wizards
  8 worker ants
  2 hound skeletons
  A worker ant zombie (D:7)
  5 gnolls
  A howler monkey skeleton (D:10)
  11 adders
  A shadow imp (D:8)
  5 oozes (D:10)
  An adder zombie (D:5)
  3 adder skeletons
  4 worms
  A dart slug (D:2)
  4 leopard geckos
  29 orcs
  6 giant cockroaches
  3 goblins
  13 hobgoblins
  25 kobolds
  3 quokkas
  A ball python (D:7)
  3 bats (D:1)
  4 frilled lizards
  2 quokka skeletons
  3 rats (D:1)
  A fungus (D:6)
271 creatures vanquished.

Vanquished Creatures (others)
  69 fulminant prisms
69 creatures vanquished.

Grand Total: 340 creatures vanquished

Notes
Turn   | Place    | Note
-------+----------+-------------------------------------------
     0 | D:1      | Razbojnik the Deep Elf Conjurer began the quest for the Orb.
     0 | D:1      | Reached XP level 1. HP: 10/10 MP: 6/6
   223 | D:1      | Reached XP level 2. HP: 15/15 MP: 3/8
   231 | D:1      | Learned a level 2 spell: Searing Ray
   973 | D:2      | Reached skill level 4 in Spellcasting
  1112 | D:2      | Reached skill level 5 in Conjurations
  1112 | D:2      | Reached XP level 3. HP: 19/19 MP: 6/10
  1144 | D:2      | Learned a level 3 spell: Dazzling Spray
  1185 | D:2      | Reached skill level 1 in Hexes
  1783 | D:2      | Reached XP level 4. HP: 24/24 MP: 7/12
  1789 | D:2      | Learned a level 4 spell: Fulminant Prism
  2411 | D:3      | Noticed Jessica
  2800 | D:3      | Found a faded altar of an unknown god.
  3027 | D:3      | Reached XP level 5. HP: 28/28 MP: 8/14
  3235 | D:3      | Reached skill level 5 in Spellcasting
  3431 | D:3      | Killed Jessica
  3746 | D:4      | Learned a level 4 spell: Iskenderun's Mystic Blast
  3872 | D:4      | Reached skill level 5 in Hexes
  3999 | D:4      | Reached XP level 6. HP: 30/32 MP: 8/16
  4131 | D:4      | Noticed Blork the orc
  4138 | D:4      | Killed Blork the orc
  4138 | D:4      | Reached skill level 6 in Spellcasting
  4436 | D:5      | Entered Level 5 of the Dungeon
  4619 | D:5      | Reached XP level 7. HP: 35/36 MP: 10/19
  4764 | D:5      | Reached skill level 7 in Spellcasting
  4949 | D:5      | Found a radiant altar of Vehumet.
  4955 | D:5      | Became a worshipper of Vehumet
  4982 | D:5      | Found a staircase to the Ecumenical Temple.
  5029 | Temple   | Entered the Ecumenical Temple
  5514 | D:5      | Reached skill level 1 in Slings
  6164 | D:6      | Reached skill level 8 in Spellcasting
  6164 | D:6      | Reached XP level 8. HP: 37/41 MP: 13/22
  6602 | D:6      | Reached * piety under Vehumet
  6602 | D:6      | Offered knowledge of Sandblast by Vehumet.
  6624 | D:6      | Reached skill level 1 in Evocations
  7136 | D:6      | Reached skill level 5 in Dodging
  7826 | D:7      | Reached XP level 9. HP: 32/46 MP: 17/23
  7963 | D:7      | Reached skill level 1 in Fighting
  8143 | D:7      | Reached ** piety under Vehumet
  8143 | D:7      | Offered knowledge of Freeze by Vehumet.
  8401 | D:7      | Reached skill level 9 in Spellcasting
  8619 | D:7      | Reached skill level 1 in Armour
  8742 | D:8      | Reached skill level 5 in Stealth
  8922 | D:8      | Reached skill level 10 in Spellcasting
  8996 | D:8      | Noticed a lindwurm
  8999 | D:8      | Noticed a lindwurm
  9004 | D:8      | Noticed a lindwurm
  9005 | D:8      | Noticed a lindwurm
  9012 | D:8      | Killed a lindwurm
  9012 | D:8      | Reached skill level 11 in Spellcasting
  9012 | D:8      | Killed a lindwurm
  9012 | D:8      | Reached XP level 10. HP: 52/52 MP: 15/27
  9015 | D:8      | Killed a lindwurm
  9015 | D:8      | Killed a lindwurm
  9079 | D:8      | Offered knowledge of Inner Flame by Vehumet.
  9629 | D:9      | Reached *** piety under Vehumet
  9676 | D:9      | Reached skill level 12 in Spellcasting
 10088 | D:9      | Reached skill level 10 in Conjurations
 10527 | D:9      | Reached skill level 13 in Spellcasting
 10755 | D:9      | Noticed a two-headed ogre
 10767 | D:9      | Killed a two-headed ogre
 10767 | D:9      | Reached XP level 11. HP: 56/56 MP: 21/30
 10843 | D:9      | Offered knowledge of Stone Arrow by Vehumet.
 10959 | D:10     | Entered Level 10 of the Dungeon
 11464 | D:10     | Reached **** piety under Vehumet
 11806 | D:10     | Offered knowledge of Airstrike by Vehumet.
 11825 | D:10     | Learned a level 4 spell: Airstrike
 11920 | D:10     | Learned a level 1 spell: Apportation
 11922 | D:10     | Learned a level 1 spell: Summon Butterflies
 12315 | D:11     | Noticed a purple ugly thing
 12341 | D:11     | Noticed a white ugly thing
 12345 | D:10     | Killed a purple ugly thing
 12393 | D:11     | Reached skill level 1 in Summonings
 12412 | D:11     | Noticed Psyche
 12572 | D:11     | Reached skill level 1 in Translocations
 12572 | D:11     | Reached skill level 1 in Air Magic
 12578 | D:11     | Killed Psyche
 12591 | D:11     | Reached skill level 14 in Spellcasting
 12612 | D:11     | Noticed a wizard
 12615 | D:11     | Killed a wizard
 12639 | D:11     | Noticed a red ugly thing
 12650 | D:11     | Killed a red ugly thing
 12780 | D:11     | Found a staircase to the Orcish Mines.
 12811 | D:11     | Slain by a hornet

Skill      XL: |  1  2  3  4  5  6  7  8  9 10 11 |
---------------+----------------------------------+-----
Spellcasting   | 4 5 6 8 11 13 14 | 14.0
Conjurations   | 5 6 7 8 10 11 | 11.9
Hexes          | 3 4 5 6 |  6.0
Stealth        | 4 7 |  7.1
Slings         | 1 2 |  2.1
Dodging        | 5 6 |  6.0
Evocations     | 4 |  4.1
Fighting       | 1 2 |  2.2
Armour         | 1 |  1.0
Summonings     | 1 |  1.0
Translocations | 2 |  2.3
Air Magic      | 3 |  3.9

Action                   |  1- 3 |  4- 6 |  7- 9 | 10-12 || total
-------------------------+-------+-------+-------+-------++-------
Melee: Short sword       |     1 |       |     1 |    11 ||    13
       Dagger            |       |     1 |       |       ||     1
 Fire: Hunting sling     |       |    19 |    29 |       ||    48
       Blowgun           |       |       |     7 |    47 ||    54
Throw: Tomahawk          |       |       |       |     2 ||     2
 Cast: Magic Dart        |    55 |    59 |    93 |    53 ||   260
       Searing Ray       |     4 |    21 |    52 |    37 ||   114
       Fulminant Prism   |       |     4 |    18 |    47 ||    69
       Dazzling Spray    |       |     4 |    18 |    27 ||    49
       Iskenderun's Myst |       |       |       |    13 ||    13
  Use: Potion            |       |       |     3 |     3 ||     6
       Scroll            |       |       |     2 |    10 ||    12
 Stab: Sleeping          |     1 |     1 |     1 |       ||     3
       Invisible         |       |       |       |     1 ||     1
  Eat: Chunk             |     3 |     9 |     7 |     9 ||    28
       Ration            |       |       |     2 |     1 ||     3
Armor: Robe              |       |     5 |    22 |     3 ||    30
       Troll leather arm |       |       |       |    17 ||    17
Dodge: Dodged            |     6 |    17 |    62 |    80 ||   165
